 Dungeon Crawl Stone Soup version 0.31-b1-20-g67cafac56d (webtiles) character file.

Game seed: 3624345333189882338

7 atomiclemming the Trooper (level 2, -3/28 HPs)
             Began as a Naga Berserker on Jan 17, 2024.
             Was a Follower of Trog.
             Slain by a gnoll
             ... wielding a +0 spear
              (6 damage)
             ... on level 1 of the Dungeon.
             The game lasted 00:00:58 (131 turns).

atomiclemming the Trooper (Naga Berserker)           Turns: 131, Time: 00:00:59

Health: -3/28      AC:  1    Str: 19    XL:     2   Next: 4%
Magic:  2/2        EV:  9    Int:  7    God:    Trog [*.....]
Gold:   0          SH:  0    Dex: 10    Spells: 1/1 levels left

rFire   . . .        a - +0 mace
rCold   . . .        (no shield)
rNeg    . . .        b - +0 animal skin
rPois   +            (no helmet)
rElec   .            (no cloak)
rCorr   .            (no gloves)
SInv    +            (no barding)
Will    .....        (no amulet)
Stlth   +            (no ring)
HPRegen 0.24/turn    (no ring)
MPRegen 0.08/turn

%: no passive effects
@: very slow
A: AC +0, large, see invisible, deformed body, poison resistance, slowness 2,
spit poison 1, naga tail 1
a: Spit Poison, Renounce Religion, Berserk


You were on level 1 of the Dungeon.
You worshipped Trog.
Trog was aware of your devotion.
You visited 1 branch of the dungeon, and saw 1 of its levels.

Inventory:

Hand Weapons
 a - a +0 mace (weapon)
Armour
 b - a +0 animal skin (worn)
Scrolls
 d - a scroll of vulnerability {unknown}
Potions
 c - a potion of cancellation {unknown}
 e - a potion of invisibility {unknown}


   Skills:
 + Level 3.2 Fighting
 + Level 3.1 Maces & Flails
 + Level 1.6 Armour
 + Level 1.6 Dodging


You had one spell level left.
You didn't know any spells.
Your spell library was empty.

Dungeon Overview and Level Annotations

Branches:
Dungeon (1/15)

Altars:


Innate Abilities, Weirdness & Mutations

Your serpentine skin is tough. (AC +0)
You have supernaturally acute eyesight. (SInv)
Armour fits poorly on your strangely shaped body.
Your system is resistant to poisons. (rPois)
You cover ground very slowly.
You can spit poison.
You have a snake-like lower body.


Message History

The kobold completely misses you.
You hit the kobold.
You kill the kobold!
Trog accepts your kill.
You hit the quokka.
The quokka is lightly wounded.
The quokka bites you. x2
You hit the quokka.
You kill the quokka!
Trog accepts your kill.
You have reached level 2!
d - a scroll labelled JUXEILANINI You see here a +0 short sword.
You see here a +0 short sword.
e - a pink potion A gnoll comes into view.
It is wielding a +0 spear.
Found a spear.
An endoplasm comes into view.
The gnoll hits you with a +0 spear. The gnoll completely misses you.
The endoplasm jiggles.
You hit the gnoll.
The gnoll is moderately wounded.
The gnoll hits you with a +0 spear.
You hit the gnoll.
The gnoll is heavily wounded.
The gnoll hits you with a +0 spear.
You closely miss the gnoll.
The gnoll is heavily wounded.
The gnoll hits you with a +0 spear.
You hit the gnoll.
The gnoll is severely wounded.
The gnoll barely misses you. The gnoll hits you with a +0 spear!
* * * LOW HITPOINT WARNING * * *
The endoplasm freezes you.
You are frozen.
* * * LOW HITPOINT WARNING * * *
You closely miss the gnoll.
The gnoll is severely wounded.
The gnoll hits you with a +0 spear.
You die...

#..'...'.P #...#
#..#...#P. #...#
####†..### #
#...####..#...#.. ..
#..... #<.'...'.(
...#####...####..#...#P.
.#............#####'####
......J......[........)†
......g@..........###.#.
...#####...#####..#.....
#.....)....#.#.##
#...#####..#.#.## #...#
#... .... #...#
##.#.#### ##.## #.#.# .
#.. #.. .


You could see a gnoll and an endoplasm.

Vanquished Creatures
  2 giant cockroaches (D:1)
  A quokka (D:1)
  A kobold (D:1)
  4 rats (D:1)
8 creatures vanquished.

Notes
Turn   | Place    | Note
-------+----------+-------------------------------------------
     0 | D:1      | atomiclemming the Naga Berserker began the quest for the
                  | Orb.
     0 | D:1      | Reached XP level 1. HP: 21/21 MP: 1/1
   106 | D:1      | Reached XP level 2. HP: 19/28 MP: 2/2
   131 | D:1      | Slain by a gnoll

Illustrated notes

Levels and vault maps discovered:
D:1:      dpeg_arrival_prison, layout_loops_cross

Action                     || total
---------------------------++-------
  Melee: Mace              ||    28
         Punch             ||     1
   Stab: Sleeping          ||     1
 Armour: Animal skin       ||    17
  Dodge: Dodged            ||    12
